 Dungeon Crawl Stone Soup version 0.30-a0-1074-g5db6f66fbb (webtiles) character file.

Game seed: 10773450617138023277

97 BlueFish the Insei (level 4, 0/28 HPs)
             Began as an Octopode Transmuter on Apr 13, 2023.
             Slain by a water moccasin (9 damage)
             ... in a sewer.
             The game lasted 00:05:42 (1985 turns).

BlueFish the Insei (Octopode Transmuter)            Turns: 1985, Time: 00:05:42

Health: 0/28       AC:  2    Str: 11    XL:     4   Next: 68%
Magic:  5/7        EV: 19    Int: 15    God:
Gold:   70         SH:  0    Dex: 17    Spells: 1/7 levels left

rFire   . . .      SeeInvis +      - Unarmed
rCold   . . .      Faith    .    (shield currently unavailable)
rNeg    . . .      Spirit   .    r - melded +2 hat
rPois   x          Reflect  .    g - amulet of the acrobat
rElec   .          Rampage  .    e - ring of willpower
rCorr   .                        m - ring of see invisible
Will    +....                    (no ring)
Stlth   ++                       (no ring)
HPRegen 0.24/turn                (no ring)
MPRegen 0.10/turn                (no ring)
                                 (no ring)
                                 (no ring)

@: spider-form (expiring)
A: venomous fangs, almost no armour, (amphibious), 8 rings, tiny, (camouflage
1), (gelatinous body 1), (nimble swimmer 1), (tentacles)
a: End Transformation


You were in a sewer.
You were a venomous arachnid creature.
You visited 1 branch of the dungeon, and saw 3 of its levels.
You also visited: Sewer.

You collected 70 gold pieces.

Inventory:

Hand Weapons
 b - a +0 sling
Missiles
 l - 5 poisoned darts
 n - 6 javelins
Armour
 r - a +2 hat (melded)
Jewellery
 e - a ring of willpower (left front pincers)
 g - an amulet of the acrobat (around neck)
 m - a ring of see invisible (right front pincers)
Scrolls
 c - a scroll of butterflies {unknown}
 d - a scroll of amnesia
 h - a scroll of poison {unknown}
 i - a scroll of fog {unknown}
 j - a scroll of identify {unknown}
 k - a scroll of brand weapon {unknown}
 o - a scroll of blinking {unknown}
 p - a scroll of enchant armour {unknown}
 q - a scroll of fear {unknown}
Potions
 a - a potion of lignification
 f - a potion of brilliance {unknown}


   Skills:
 + Level 1.5 Fighting
 + Level 1.1 Ranged Weapons
 + Level 0.3 Throwing
 + Level 2.3 Dodging
 * Level 3.0 Stealth
 + Level 3.2 Unarmed Combat
 + Level 2.3 Spellcasting
 + Level 2.3 Transmutations
 * Level 1.0 Poison Magic


You had one spell level left.
You knew the following spells:

 Your Spells              Type           Power      Damage    Failure   Level
a - Beastly Appendage     Tmut           16%        N/A       22%         1
b - Wereblood             Tmut           8%         N/A       28%         2
c - Spider Form           Tmut/Pois      6%         N/A       54%         3

Your spell library contained the following spells:

 Spells                   Type           Power      Damage    Failure   Level
 Sublimation of Blood     Necr           1%         N/A       54%         2
 Dazzling Flash           Conj/Hex       2%         N/A       75%         3
 Volatile Blastmotes      Fire/Tloc      2%         2d10      75%         3
 Ice Form                 Ice/Tmut       5%         N/A       91%         4
 Petrify                  Tmut/Erth      5%         N/A       91%         4
 Iskenderun's Mystic Bla  Conj/Tloc      1%         2d3       98%         4
 Irradiate                Conj/Tmut      2%         3d12      99%         5
 Starburst                Conj/Fire      0%         6d3       100%        6


Dungeon Overview and Level Annotations

Branches:
Dungeon (3/15)              Sewer (1/1)

Altars:


Innate Abilities, Weirdness & Mutations

You are a venomous arachnid creature.
You have venomous fangs.
You are tiny and dextrous.
Your spellcasting is less reliable in this form.
Your armour is entirely melded.
You are incapable of wielding weapons or throwing items.
You cannot wear most types of armour.
((You are amphibious.))
You can wear up to eight rings at the same time.
((Your skin changes colour to match your surroundings (Stealth+).))
((Your rubbery body absorbs attacks. (AC +1, EV +1)))
((You are camouflaged when in or above water. (Stealth+)))
((You have tentacles for arms and can constrict up to eight enemies at once.))


Message History

You hit the water moccasin.
The water moccasin is lightly wounded.
The water moccasin misses you.
You hit the water moccasin.
The water moccasin is moderately wounded.
The water moccasin closely misses you. The water moccasin barely misses you.
You barely miss the water moccasin.
The water moccasin is moderately wounded.
The water moccasin barely misses you.
You barely miss the water moccasin.
The water moccasin is moderately wounded.
Your transformation is almost over.
The water moccasin bites you!
You closely miss the water moccasin.
The water moccasin is moderately wounded.
The water moccasin barely misses you.
The water moccasin completely misses you.
You hit the water moccasin.
The water moccasin is heavily wounded.
The water moccasin closely misses you.
You hit the water moccasin.
The water moccasin is heavily wounded.
The water moccasin bites you.
You hit the water moccasin.
The water moccasin is almost dead.
The water moccasin barely misses you. The water moccasin closely misses you.
You hit the water moccasin but do no damage.
The water moccasin is almost dead.
The water moccasin bites you!
You closely miss the water moccasin.
The water moccasin is almost dead.
The water moccasin misses you.
You hit the water moccasin.
The water moccasin is almost dead.
The water moccasin completely misses you.
The water moccasin closely misses you.
You completely miss the water moccasin.
The water moccasin is almost dead.
The water moccasin bites you!
You die...

....... .....
..... ... ... #.#
####### #S#
##.....## #s#
##...≈...#
#.#######...≈≈≈...
#..........≈≈≈≈≈.∩
#.#######...≈≈≈...
#.# ##...≈...# #.#
##.....## #.#
####### #.# #.#


You could see a water moccasin.

Vanquished Creatures
  2 gnolls (D:1)
  3 adders
  A worm (D:2)
  2 dart slugs
  3 ball pythons (D:2)
  6 bats
  4 endoplasms
  5 giant cockroaches
  3 goblins
  5 hobgoblins
  A quokka (D:2)
  3 kobolds (D:2)
  5 rats
43 creatures vanquished.

Notes
Turn   | Place    | Note
-------+----------+-------------------------------------------
     0 | D:1      | BlueFish the Octopode Transmuter began the quest for the
                  | Orb.
     0 | D:1      | Reached XP level 1. HP: 13/13 MP: 3/3
    88 | D:1      | Found a faded altar of an unknown god.
   267 | D:1      | Reached skill level 1 in Stealth
   267 | D:1      | Reached XP level 2. HP: 18/18 MP: 3/5
   272 | D:1      | Learned a level 2 spell: Wereblood
   788 | D:2      | Reached XP level 3. HP: 23/23 MP: 6/6
  1112 | D:2      | Learned a level 3 spell: Spider Form
  1288 | D:2      | Reached XP level 4. HP: 28/28 MP: 7/7
  1510 | D:1      | Reached skill level 1 in Ranged Weapons
  1788 | D:3      | Found a glowing drain.
  1883 | D:3      | Reached skill level 1 in Poison Magic
  1888 | Sewer    | Entered a sewer
  1966 | Sewer    | Noticed a water moccasin
  1985 | Sewer    | Slain by a water moccasin

Illustrated notes

Levels and vault maps discovered:
D:1:      amcnicky_arrival_single_pillar, layout_basic,
          hellmonk_ecumenical_altar_pennies_from_heaven,
          minmay_misc_feat_secret_circle
D:2:      layout_loops_ring, grunt_decor_arrowhead
D:3:      layout_loops_ring, gup_sewer_entry_glass, serial_shops,
          nicolae_shop_trees
Sewer:    sewer_big_baddie

Skill      XL: |  1  2  3  4 |
---------------+-------------+-----
Stealth        | 1 2 3 |  3.0
Ranged Weapons | 1 |  1.1
Poison Magic   | 1 |  1.0
Fighting       | |  1.5
Throwing       | |  0.3
Dodging        | |  2.3
Unarmed Combat | |  3.2
Spellcasting   | |  2.3
Transmutations | |  2.3

Action                     |  1- 3 |  4- 6 || total
---------------------------+-------+-------++-------
  Melee: Unarmed           |    44 |    29 ||    73
         Kick              |     3 |     1 ||     4
         Constrict         |    10 |     4 ||    14
         Tentacles         |     6 |     2 ||     8
         Punch             |     2 |       ||     2
   Fire: Sling             |    33 |    23 ||    56
   Cast: Beastly Appendage |     3 |     1 ||     4
         Spider Form       |       |     2 ||     2
    Use: Scroll            |     1 |       ||     1
   Stab: Sleeping          |     3 |       ||     3
         Distracted        |     1 |       ||     1
 Armour: Skin              |     2 |     1 ||     3
  Dodge: Dodged            |    27 |    26 ||    53

Table legend: (Time is in decaauts)
 A = Elapsed time spent in this place.
 B = Non-inter-level travel time spent in this place.
 C = Inter-level travel time spent in this place.
 D = Time resting spent in this place.
 E = Time spent auto-exploring this place.
 F = Levels seen in this place.
 G = Mean time per level.
                   A        B        C        D        E       F      G
               +--------+--------+--------+--------+--------+-----+--------+
         Total |   1977 |   1929 |     48 |     63 |   1310 |   4 |  494.2 |
       Dungeon |   1882 |   1834 |     48 |     63 |   1239 |   3 |  627.3 |
         Sewer |     95 |     95 |      0 |      0 |     71 |   1 |   95.0 |
               +--------+--------+--------+--------+--------+-----+--------+

Top non-repeatable levels by time:
     D:2: 848 daAuts
     D:1: 768 daAuts
     D:3: 265 daAuts
   Sewer: 95 daAuts
